 Dungeon Crawl Stone Soup version 0.30-a0-605-gb2882149bf (webtiles) character file.

Game seed: 1480507930383397089

16151 themarg the Martial Artist (level 12, -3/110 HPs)
             Began as a Gnoll Transmuter on Jan 8, 2023.
             Was a High Priest of Kikubaaqudgha.
             Slain by a wolf spider (shapeshifter) (17 damage)
             ... on level 11 of the Dungeon.
             The game lasted 00:29:47 (11831 turns).

themarg the Martial Artist (Gnoll Transmuter)      Turns: 11831, Time: 00:29:48

Health: -3/110     AC:  8    Str:  9    XL:     12   Next: 34%
Magic:  17/25      EV: 15    Int: 18    God:    Kikubaaqudgha [*****.]
Gold:   1242       SH:  5    Dex: 19    Spells: 16/29 levels left

rFire   . . .      SeeInvis .      - Unarmed
rCold   + + +      Faith    .    (shield currently unavailable)
rNeg    . . .      Spirit   .    (body armour currently unavailable)
rPois   +          Reflect  +    (helmet currently unavailable)
rElec   .          Harm     .    (cloak currently unavailable)
rCorr   .          Rampage  .    (gloves currently unavailable)
Will    .....                    (boots currently unavailable)
Stlth   ++++                     L - amulet of reflection
HPRegen 0.38/turn                o - ring of protection from fire
MPRegen 0.19/turn                K - +6 ring of dexterity

@: ice-form, wereblooded
A: freezing attack, amphibious, boosted hp, large, (fangs 1), strong nose,
distributed training
a: End Transformation, Renounce Religion, Unearth Wretches, Torment


You were on level 11 of the Dungeon.
You worshipped Kikubaaqudgha.
Kikubaaqudgha was extremely pleased with you.
You were a creature of crystalline ice.
You visited 1 branch of the dungeon, and saw 11 of its levels.
You also visited: Ossuary and Bailey.

You collected 1242 gold pieces.

Inventory:

Missiles
 d - 125 stones
 r - 4 boomerangs
 w - 3 throwing nets
 C - 32 poisoned darts
Armour
 y - the +4 robe "Foluvuru" {rPois rF+ Str+2}
   (You found it on level 6 of the Dungeon)

   Str:       It affects your strength (+2).
   rF:        It protects you from fire.
   rPois:     It protects you from poison.
 I - +0 steam dragon scales (melded)
 J - a +2 hat of willpower (melded)
 Q - a +0 troll leather armour
Magical Staves
 O - a staff of death (melded)
Jewellery
 o - a ring of protection from fire (left front paw)
 K - a +6 ring of dexterity (right front paw)
 L - an amulet of reflection (around neck)
 U - the ring "Nonank Esyph" {rPois rC- Str+5 Stlth+}
   (You took it off a gnoll sergeant on level 11 of the Dungeon)

   [ring of poison resistance]

   Str:       It affects your strength (+5).
   rC:        It makes you vulnerable to cold.
   rPois:     It protects you from poison.
   Stlth:     It makes you more stealthy.
Wands
 x - a wand of flame (25)
 F - a wand of roots (7)
 H - a wand of digging (5)
 M - a wand of acid (8)
 R - a wand of charming (2)
Scrolls
 b - a scroll of noise {unknown}
 e - 2 scrolls of vulnerability
 g - 4 scrolls of fog
 h - 3 scrolls of teleportation
 j - a scroll of silence {unknown}
 l - a scroll of immolation
 p - a scroll of amnesia {unknown}
 q - 2 scrolls of blinking
 u - 6 scrolls of enchant armour
 A - 4 scrolls of enchant weapon
 G - 3 scrolls of magic mapping
 P - a scroll of poison {unknown}
 S - 2 scrolls of identify
 T - a scroll of fear {unknown}
Potions
 a - 3 potions of mutation {unknown}
 c - a potion of experience {unknown}
 f - 3 potions of heal wounds
 i - 3 potions of magic
 k - 2 potions of haste
 m - 2 potions of might
 n - 4 potions of invisibility
 s - 5 potions of curing
 t - 4 potions of berserk rage
 v - 2 potions of flight {unknown}
 z - a potion of resistance {unknown}
 B - 2 potions of cancellation {unknown}
 D - 2 potions of attraction {unknown}
 E - 2 potions of degeneration {unknown}
 N - 4 potions of brilliance {unknown}


   Skills:
 + Level 8.0 Fighting
 + Level 7.4 Short Blades
 + Level 7.4 Long Blades
 + Level 7.4 Axes
 + Level 7.4 Maces & Flails
 + Level 7.4 Polearms
 + Level 7.4 Staves
 + Level 7.4 Ranged Weapons
 + Level 7.4 Throwing
 + Level 7.4 Armour
 + Level 8.8 Dodging
 + Level 7.4 Stealth
 + Level 7.4 Shields
 + Level 10.0 Unarmed Combat
 + Level 9.1 Spellcasting
 + Level 6.2 Conjurations
 + Level 6.2 Hexes
 + Level 6.2 Summonings
 + Level 6.2 Necromancy
 + Level 6.2 Translocations
 + Level 7.3 Transmutations
 + Level 6.2 Fire Magic
 + Level 6.2 Ice Magic
 + Level 6.2 Air Magic
 + Level 6.2 Earth Magic
 + Level 6.2 Poison Magic
 + Level 8.2 Invocations
 + Level 7.4 Evocations


You had 16 spell levels left.
You knew the following spells:

 Your Spells              Type           Power      Damage    Failure   Level
a - Beastly Appendage     Tmut           68%        N/A       1%          1
b - Wereblood             Tmut           34%        N/A       1%          2
c - Spider Form           Tmut/Pois      32%        N/A       1%          3
d - Ice Form              Ice/Tmut       32%        N/A       5%          4
e - Mephitic Cloud        Conj/Pois/Air  30%        N/A       1%          3

Your spell library contained the following spells:

 Spells                   Type           Power      Damage    Failure   Level
 Kiss of Death            Conj/Necr      100%       2d13      1%          1
 Necrotise                Necr           100%       1d9       1%          1
 Cigotuvi's Dreadful Rot  Necr/Pois/Air  60%        N/A       1%          2
 Poisonous Vapours        Pois/Air       60%        N/A       1%          2
 Sublimation of Blood     Necr           30%        N/A       1%          2
 Confusing Touch          Hex            30%        N/A       1%          3
 Ignite Poison            Fire/Tmut/Pois 32%        N/A       1%          3
 Kindle Blastsparks       Fire/Tloc/Air  60%        2d15      1%          3
 Vampiric Draining        Necr           30%        2d8       1%          3
 Petrify                  Tmut/Erth      32%        N/A       5%          4
 Anguish                  Hex/Necr       15%        N/A       7%          4
 Animate Dead             Necr           30%        N/A       7%          4
 Dispel Undead            Necr           30%        3d14      7%          4
 Manifold Assault         Tloc           30%        N/A       7%          4
 Agony                    Necr           30%        N/A       19%         5
 Freezing Cloud           Conj/Ice/Air   15%        6-21      19%         5
 Metabolic Englaciation   Hex/Ice        15%        N/A       19%         5
 Statue Form              Tmut/Erth      21%        N/A       63%         6
 Death Channel            Necr           15%        N/A       71%         6
 Dispersal                Tloc           15%        N/A       71%         6
 Simulacrum               Ice/Necr       15%        N/A       71%         6
 Haunt                    Necr/Summ      15%        N/A       99%         7
 Summon Hydra             Summ           15%        N/A       99%         7
 Disjunction              Tloc           15%        N/A       100%        8
 Infestation              Necr           15%        N/A       100%        8


Dungeon Overview and Level Annotations

Branches:
Dungeon (11/15)            Temple (0/1) D:4            Lair (0/5) D:11
    Orc (0/2) D:10        Ossuary (visited)          Bailey (visited)

Altars:
Ashenzari
Cheibriados
Fedhas
Gozag
Kikubaaqudgha
Nemelex Xobeh
Qazlal
Sif Muna
Uskayaw
Vehumet
Xom
Yredelemnul
The Shining One

Shops:
D:6 [


Innate Abilities, Weirdness & Mutations

You are a creature of crystalline ice.
You have a powerful freezing melee attack.
You are amphibious.
Your maximum health is increased.
Your armour is entirely melded.
You are incapable of wielding weapons or throwing items.
((You have very sharp teeth.))
Your uncanny sense of smell can sniff out nearby items.
Your experience applies equally to all skills.


Message History

The wolf spider hits you.
* * * LOW HITPOINT WARNING * * *
The wolf spider closely misses you.
Okay, then.
Okay, then.
You catch the helpless shock serpent completely off-guard!
You hit the shock serpent.
The shock serpent seems to slow down.
You freeze the shock serpent.
You feel a bit better.
You kill the shock serpent!
Kikubaaqudgha accepts your kill.
The shock serpent's shape twists and changes as it dies.
A troll comes into view.
A wolf spider comes into view.
The wolf spider hits you!
* * * LOW HITPOINT WARNING * * *
The wolf spider bites you but does no damage.
The wolf spider hits itself but does no damage.
The wolf spider bites itself!
Your Unarmed Combat skill increases to level 10!
You feel much better. The wolf spider completely misses you.
The wolf spider bites you!
* * * LOW HITPOINT WARNING * * *
The wolf spider hits you.
* * * LOW HITPOINT WARNING * * *
You block the wolf spider's attack.
The wolf spider hits itself!!
The wolf spider is killed!
Kikubaaqudgha accepts your kill.
Your Fighting skill increases to level 8!
You howl as the wereblood boils in your veins!
A boulder beetle comes into view.
A wraith comes into view.
The wolf spider hits you but does no damage.
The wolf spider misses you.
You hit the wolf spider. You freeze the wolf spider.
The wolf spider is lightly wounded.
The wolf spider completely misses you. The wolf spider barely misses you.
You punch the wolf spider! You freeze the wolf spider.
The wolf spider is heavily wounded.
The wolf spider closely misses you. x2; The wolf spider hits you!
You die...
Kikubaaqudgha rasps: "You have failed me!
Welcome... death!"

#..# ∆ ...#∆ ∆
#..# ∆ ∆∆ .∆ #..#
∆∆ . ...# #. ...#
#########.# ### #
.).# ∆ ∆ #.)...#
..9.#..#. ...# ∆ ∆
∆#.# #..#.#.# ...#
∆ ∆ #Y#∆ #.[.#.#.
...# ∆ ∆#s###.#
#.#.#. ...# ∆
#TT...# #..#..
...#
###B###########.##
...# ∆∆∆ ∆
#..#$#.#!#.....
...# ∆∆∆∆
..##$..##)....
...# ∆ ∆∆∆ ∆ ∆
##..[..)..#.. #..#
∆∆∆∆ ##[)[##).)..
#..# ∆∆∆ ∆
#)#.#.#.....


You could see a boulder beetle, a wolf spider and 2 trolls.

Vanquished Creatures
  Gastronok (D:9)
  A centaur warrior (D:11)
  3 two-headed ogres
  A shock serpent (shapeshifter) (D:11)
  Lodul (D:10)
  A deep troll (D:11)
  An orc knight (Bailey)
  A wolf spider (D:11)
  An ugly thing (D:11)
  A cyclops (D:11)
  An efreet (D:11)
  A kobold demonologist (D:11)
  A komodo dragon (D:10)
  A freezing wraith (D:11)
  2 trolls (D:10)
  A hornet (D:10)
  Sigmund (D:2)
  2 wraiths (D:11)
  A spriggan (D:10)
  9 yaks
  2 steam dragons
  A vampire mosquito (D:11)
  An acid dragon (D:11)
  A sky beast (D:6)
  11 orc warriors
  5 black bears
  2 ice beasts
  8 ogres
  6 centaurs
  A phantom (D:4)
  3 kobold brigands
  7 bullfrogs
  2 gnoll sergeants
  2 necrophages
  A scorpion (D:7)
  13 wights
  6 killer bees (D:7)
  3 howler monkeys (D:11)
  A jelly (D:7)
  A centaur zombie (Ossuary)
  3 orc priests
  7 hounds
  3 iguanas
  14 orc wizards
  2 mummies (Ossuary)
  8 adders
  9 gnolls
  A shadow imp (D:8)
  2 white imps
  An ufetubus (D:4)
  A worm (D:2)
  5 dart slugs
  49 orcs
  2 ball pythons (D:2)
  5 endoplasms
  4 giant cockroaches
  9 goblins
  5 hobgoblins
  23 kobolds
  3 quokkas
  6 bats
  3 frilled lizards
  3 gnoll zombies (Ossuary)
  4 goblin zombies (Ossuary)
  5 hobgoblin zombies (Ossuary)
  An orc zombie (Ossuary)
  3 rats
290 creatures vanquished.

Notes
Turn   | Place    | Note
-------+----------+-------------------------------------------
     0 | D:1      | themarg the Gnoll Transmuter began the quest for the Orb.
     0 | D:1      | Reached XP level 1. HP: 17/17 MP: 6/6
   158 | D:1      | Reached XP level 2. HP: 14/23 MP: 5/7
   325 | D:1      | Found a faded altar of an unknown god.
   328 | D:1      | Prayed at the altar of an unknown god.
   328 | D:1      | Became a worshipper of Kikubaaqudgha
   328 | D:1      | Reached * piety under Kikubaaqudgha
   328 | D:1      | Received a gift from Kikubaaqudgha
   974 | D:2      | Noticed Sigmund
   980 | D:1      | Learned a level 2 spell: Wereblood
  1018 | D:2      | Reached skill level 5 in Spellcasting
  1018 | D:2      | Reached XP level 3. HP: 16/28 MP: 6/9
  1136 | D:2      | Reached skill level 1 in Invocations
  1149 | D:2      | Learned a level 3 spell: Spider Form
  1181 | D:2      | Killed Sigmund
  1182 | D:2      | Reached skill level 1 in Short Blades
  1182 | D:2      | Reached skill level 1 in Long Blades
  1182 | D:2      | Reached skill level 1 in Axes
  1182 | D:2      | Reached skill level 1 in Maces & Flails
  1182 | D:2      | Reached skill level 1 in Polearms
  1182 | D:2      | Reached skill level 1 in Staves
  1182 | D:2      | Reached skill level 1 in Ranged Weapons
  1182 | D:2      | Reached skill level 1 in Throwing
  1182 | D:2      | Reached skill level 1 in Armour
  1182 | D:2      | Reached skill level 1 in Stealth
  1182 | D:2      | Reached skill level 1 in Shields
  1182 | D:2      | Reached skill level 1 in Conjurations
  1182 | D:2      | Reached skill level 1 in Hexes
  1182 | D:2      | Reached skill level 1 in Summonings
  1182 | D:2      | Reached skill level 1 in Necromancy
  1182 | D:2      | Reached skill level 1 in Translocations
  1182 | D:2      | Reached skill level 1 in Fire Magic
  1182 | D:2      | Reached skill level 1 in Ice Magic
  1182 | D:2      | Reached skill level 1 in Air Magic
  1182 | D:2      | Reached skill level 1 in Earth Magic
  1182 | D:2      | Reached skill level 1 in Poison Magic
  1182 | D:2      | Reached skill level 1 in Evocations
  1182 | D:2      | Reached XP level 4. HP: 35/35 MP: 7/11
  1182 | D:2      | Reached XP level 5. HP: 41/41 MP: 7/12
  1915 | D:2      | Reached XP level 6. HP: 38/47 MP: 7/13
  1920 | D:2      | Reached ** piety under Kikubaaqudgha
  2285 | D:3      | Reached skill level 5 in Dodging
  3458 | D:4      | Reached skill level 7 in Unarmed Combat
  3458 | D:4      | Reached XP level 7. HP: 34/52 MP: 9/15
  3639 | D:4      | Found a staircase to the Ecumenical Temple.
  3934 | D:4      | Found a hide-covered altar of Uskayaw.
  3934 | D:4      | Found a radiant altar of Vehumet.
  4038 | D:5      | Entered Level 5 of the Dungeon
  4409 | D:5      | Reached XP level 8. HP: 48/60 MP: 13/16
  4516 | D:5      | Reached *** piety under Kikubaaqudgha
  4516 | D:5      | Received a gift from Kikubaaqudgha
  5066 | D:6      | Found Todeuxkue's Armour Emporium.
  5313 | D:6      | Reached skill level 5 in Transmutations
  5321 | D:6      | Identified the +4 robe "Foluvuru" {rPois rF+ Str+2}
  5588 | D:6      | Found a stormy altar of Qazlal.
  5759 | D:6      | Reached XP level 9. HP: 50/67 MP: 13/18
  5897 | D:6      | Found a blossoming altar of Fedhas.
  6207 | D:7      | Reached skill level 5 in Fighting
  6354 | D:7      | Found a shimmering blue altar of Sif Muna.
  6392 | D:7      | Reached skill level 8 in Unarmed Combat
  6542 | D:7      | Reached skill level 5 in Invocations
  6550 | D:7      | Reached **** piety under Kikubaaqudgha
  6891 | D:7      | Found a snail-covered altar of Cheibriados.
  7354 | D:8      | Found an opulent altar of Gozag.
  7354 | D:8      | Found a sparkling altar of Nemelex Xobeh.
  7483 | D:8      | Found a sand-covered staircase.
  7490 | Ossuary  | Entered an ossuary
  7500 | Ossuary  | Learned a level 4 spell: Ice Form
  7705 | D:8      | Reached skill level 5 in Short Blades
  7705 | D:8      | Reached skill level 5 in Long Blades
  7705 | D:8      | Reached skill level 5 in Axes
  7705 | D:8      | Reached skill level 5 in Maces & Flails
  7705 | D:8      | Reached skill level 5 in Polearms
  7705 | D:8      | Reached skill level 5 in Staves
  7705 | D:8      | Reached skill level 5 in Ranged Weapons
  7705 | D:8      | Reached skill level 5 in Throwing
  7705 | D:8      | Reached skill level 5 in Armour
  7705 | D:8      | Reached skill level 5 in Stealth
  7705 | D:8      | Reached skill level 5 in Shields
  7705 | D:8      | Reached skill level 5 in Evocations
  7705 | D:8      | Reached XP level 10. HP: 76/76 MP: 16/20
  7881 | D:8      | Found a basalt altar of Yredelemnul.
  8076 | D:9      | Noticed Gastronok
  8098 | D:9      | Killed Gastronok
  8105 | D:9      | Reached ***** piety under Kikubaaqudgha
  8268 | D:8      | Learned a level 3 spell: Mephitic Cloud
  8437 | D:9      | Found a shimmering altar of Xom.
  8463 | D:9      | Found a shimmering altar of Xom.
  8465 | D:9      | Found a shimmering altar of Xom.
  8465 | D:9      | Found a shimmering altar of Xom.
  8465 | D:9      | Found a shimmering altar of Xom.
  9197 | D:10     | Entered Level 10 of the Dungeon
  9265 | D:10     | Reached skill level 9 in Unarmed Combat
  9273 | D:10     | Reached skill level 5 in Conjurations
  9273 | D:10     | Reached skill level 5 in Hexes
  9273 | D:10     | Reached skill level 5 in Summonings
  9273 | D:10     | Reached skill level 5 in Necromancy
  9273 | D:10     | Reached skill level 5 in Translocations
  9273 | D:10     | Reached skill level 5 in Fire Magic
  9273 | D:10     | Reached skill level 5 in Ice Magic
  9273 | D:10     | Reached skill level 5 in Air Magic
  9273 | D:10     | Reached skill level 5 in Earth Magic
  9273 | D:10     | Reached skill level 5 in Poison Magic
  9273 | D:10     | Reached XP level 11. HP: 61/83 MP: 18/22
  9404 | D:10     | Noticed Lodul
  9409 | D:10     | Killed Lodul
  9452 | D:10     | Found a flagged portal.
  9463 | Bailey   | Entered a bailey
  9624 | Bailey   | Noticed an orc knight
  9646 | Bailey   | Killed an orc knight
  9851 | Bailey   | Acquired a staff of death
 10118 | D:10     | Found a glowing golden altar of the Shining One.
 10132 | D:10     | Paralysed by a hornet for 3 turns
 10405 | D:10     | Found a broken altar of Ashenzari.
 10767 | D:10     | Found a staircase to the Orcish Mines.
 10835 | D:10     | Noticed a two-headed ogre
 10845 | D:10     | Killed a two-headed ogre
 11063 | D:11     | Noticed a two-headed ogre
 11063 | D:11     | Noticed a centaur warrior
 11073 | D:11     | Killed a two-headed ogre
 11089 | D:11     | Killed a centaur warrior
 11096 | D:11     | Noticed a red ugly thing
 11318 | D:11     | Killed a red ugly thing
 11319 | D:11     | Reached XP level 12. HP: 57/91 MP: 17/24
 11320 | D:11     | Identified the ring "Nonank Esyph" {rPois rC- Str+5 Stlth+}
 11380 | D:11     | Noticed a two-headed ogre
 11390 | D:11     | Killed a two-headed ogre
 11695 | D:11     | Found a staircase to the Lair.
 11813 | D:11     | Noticed a shock serpent
 11825 | D:11     | Killed a shock serpent
 11825 | D:11     | HP: 3/110 [wolf spider (14)]
 11826 | D:11     | Reached skill level 10 in Unarmed Combat
 11828 | D:11     | Noticed a boulder beetle
 11831 | D:11     | Slain by a wolf spider (shapeshifter)

Illustrated notes

Levels and vault maps discovered:
D:1:      evilmike_arrival_plus, layout_loops_corners,
          hellmonk_ecumenical_altar_inner_sanctum
D:2:      cheibrodos_old_hovel, layout_basic, minivault_5, serial_bayou_pond_c,
          uniq_sigmund
D:3:      layout_loops_ring
D:4:      layout_rooms, gammafunk_temple_overflow_statue,
          minmay_temple_entry_gardened_gates, kennysheep_doodads,
          ebering_dispersal_statue_hall, hangedman_decor_push
D:5:      layout_basic, kennysheep_dice
D:6:      layout_basic, mainiacjoe_overflow_alcove_1,
          mainiacjoe_overflow_small_starburst, serial_shops,
          nicolae_take_the_stairs
D:7:      layout_basic, cheibriados_altar_1, nicolae_sif_muna_condensation
D:8:      layout_basic, grunt_temple_overflow_opulence, general_overflow_altar,
          lightli_ossuary_entry_decrepit_ruins
D:9:      layout_cave_pools, xom_shifter_show, uniq_gastronok
D:10:     nicolae_cairo_tiling_large, layout_long_grid, tso_oasis_becter,
          nicolae_ashenzari_skybound, enter_bailey_6, the_hattery, uniq_lodul
D:11:     minmay_the_grid_square_5x5_5x5
          [minmay_the_grid_square_5x5_three_walls,
          minmay_the_grid_square_5x5_hourglass,
          minmay_the_grid_square_5x5_inset,
          minmay_the_grid_square_5x5_three_small,
          minmay_the_grid_square_5x5_doubleslash,
          minmay_the_grid_square_5x5_one_wall,
          minmay_the_grid_square_5x5_prize_itemx,
          minmay_the_grid_square_5x5_fat_x,
          minmay_the_grid_square_5x5_prize_gold,
          minmay_the_grid_square_5x5_n_small,
          minmay_the_grid_square_5x5_sharp_hourglass,
          minmay_the_grid_square_5x5_inner_v,
          minmay_the_grid_square_5x5_prize_deathbox,
          minmay_the_grid_square_5x5_moneybag,
          minmay_the_grid_square_5x5_almost_minimal,
          minmay_the_grid_square_5x5_six,
          minmay_the_grid_square_5x5_prize_monsterx,
          minmay_the_grid_square_5x5_corner,
          minmay_the_grid_square_5x5_prize_rear_guard,
          minmay_the_grid_square_5x5_n, minmay_the_grid_square_5x5_bite,
          minmay_the_grid_square_5x5_broken_cross,
          minmay_the_grid_square_5x5_two_small,
          minmay_the_grid_square_5x5_beaten_path,
          minmay_the_grid_square_5x5_lines], layout_rooms,
          nicolae_shop_firing_range

Skill      XL: |  1  2  3  4  5  6  7  8  9 10 11 12 |
---------------+-------------------------------------+-----
Spellcasting   | 5 6 7 8 9 |  9.1
Invocations    | 1 2 3 4 5 6 7 8 |  8.2
Fighting       | 3 4 5 6 7 8 |  8.0
Short Blades   | 1 2 3 4 5 6 7 |  7.4
Long Blades    | 1 2 3 4 5 6 7 |  7.4
Axes           | 1 2 3 4 5 6 7 |  7.4
Maces & Flails | 1 2 3 4 5 6 7 |  7.4
Polearms       | 1 2 3 4 5 6 7 |  7.4
Staves         | 1 2 3 4 5 6 7 |  7.4
Ranged Weapons | 1 2 3 4 5 6 7 |  7.4
Throwing       | 1 2 3 4 5 6 7 |  7.4
Armour         | 1 2 3 4 5 6 7 |  7.4
Stealth        | 1 2 3 4 5 6 7 |  7.4
Shields        | 1 2 3 4 5 6 7 |  7.4
Conjurations   | 1 2 3 4 5 6 |  6.2
Hexes          | 1 2 3 4 5 6 |  6.2
Summonings     | 1 2 3 4 5 6 |  6.2
Necromancy     | 1 2 3 4 5 6 |  6.2
Translocations | 1 2 3 4 5 6 |  6.2
Transmutations | 4 5 6 7 |  7.3
Fire Magic     | 1 2 3 4 5 6 |  6.2
Ice Magic      | 1 2 3 4 5 6 |  6.2
Air Magic      | 1 2 3 4 5 6 |  6.2
Earth Magic    | 1 2 3 4 5 6 |  6.2
Poison Magic   | 1 2 3 4 5 6 |  6.2
Evocations     | 1 2 3 4 5 6 7 |  7.4
Dodging        | 5 6 7 8 |  8.8
Unarmed Combat | 7 8 9 10 | 10.0

Action                   |  1- 3 |  4- 6 |  7- 9 | 10-12 || total
-------------------------+-------+-------+-------+-------++-------
Melee: Unarmed           |    52 |    94 |   330 |   358 ||   834
       Headbutt          |     7 |       |       |       ||     7
       Kick              |     9 |       |       |       ||     9
       Punch             |     1 |       |       |       ||     1
       Bite              |       |     2 |       |       ||     2
 Cast: Beastly Appendage |    12 |       |       |       ||    12
       Spider Form       |     1 |    28 |    41 |     3 ||    73
       Wereblood         |       |     2 |     9 |    11 ||    22
       Ice Form          |       |       |     3 |    24 ||    27
       Mephitic Cloud    |       |       |       |    18 ||    18
Evoke: Wand              |       |       |       |     2 ||     2
  Use: Potion            |     1 |       |     1 |     4 ||     6
       Scroll            |       |       |    10 |     4 ||    14
 Stab: Sleeping          |     1 |     3 |     5 |     1 ||    10
       Confused          |       |       |       |    13 ||    13
Armor: Robe              |    10 |     1 |     4 |       ||    15
       Skin              |     1 |     9 |    26 |    76 ||   112
Dodge: Dodged            |    40 |    69 |   309 |   225 ||   643
Block: Other             |       |       |       |    63 ||    63
       Reflection        |       |       |       |     1 ||     1

Table legend: (Time is in decaauts)
 A = Elapsed time spent in this place.
 B = Non-inter-level travel time spent in this place.
 C = Inter-level travel time spent in this place.
 D = Time resting spent in this place.
 E = Time spent auto-exploring this place.
 F = Levels seen in this place.
 G = Mean time per level.
                   A        B        C        D        E       F      G
               +--------+--------+--------+--------+--------+-----+--------+
         Total |  11741 |  11488 |    253 |    926 |   8209 |  13 |  903.2 |
       Dungeon |  11188 |  10935 |    253 |    854 |   8037 |  11 | 1017.1 |
       Ossuary |    114 |    114 |      0 |      0 |      0 |   1 |  114.0 |
        Bailey |    439 |    439 |      0 |     72 |    172 |   1 |  439.0 |
               +--------+--------+--------+--------+--------+-----+--------+

Top non-repeatable levels by time:
    D:10: 1513 daAuts
     D:2: 1245 daAuts
     D:6: 1153 daAuts
     D:9: 1130 daAuts
     D:7: 1015 daAuts
     D:1: 1001 daAuts
     D:3: 977 daAuts
     D:5: 970 daAuts
     D:8: 875 daAuts
     D:4: 800 daAuts
    D:11: 505 daAuts
  Bailey: 439 daAuts
 Ossuary: 114 daAuts
